 Dungeon Crawl Stone Soup version 0.20.1-1-g8b1a95d (webtiles) character file.

4721 letownia2 the Reanimator (level 10, 0/84 HPs)
             Began as a Deep Dwarf Necromancer on Nov 4, 2017.
             Was an Initiate of Gozag.
             Killed from afar by an orc wizard (1 damage)
             ... with a magic dart
             ... on level 9 of the Dungeon.
             The game lasted 00:28:58 (8602 turns).

letownia2 the Reanimator (Deep Dwarf Necromancer)   Turns: 8602, Time: 00:28:59

Health: 0/84       AC:  7    Str: 16 (18) XL:     10   Next: 22%
Magic:  10/23      EV: 10    Int: 14 (17) God:    Gozag
Gold:   1328       SH:  0    Dex: 14 (16) Spells: 23/27 levels left

rFire    . . .     SeeInvis +   a - +6 spear of a bailey {pain, Dex+3}
rCold    . . .     Gourm    .   (no shield)
rNeg     . . .     Faith    .   l - +0 scale mail
rPois    .         Spirit   .   (helmet restricted)
rElec    .         Reflect  .   (no cloak)
rCorr    .         Harm     .   A - +0 pair of gloves
MR       +....                  (no boots)
Stlth    +.........             (no amulet)
Regen    0.0/turn               H - +4 ring of strength
MPRegen  0.2/turn               (no ring)

@: non-regenerating, drained
A: damage resistance, heal wounds, fangs 1, horns 1, see invisible, sense
surroundings 2, no regeneration
a: Heal Wounds, Potion Petition, Call Merchant, Bribe Branch, Renounce Religion


You were on level 9 of the Dungeon.
You worshipped Gozag.
Gozag was most pleased with you.
You were not hungry.

You visited 2 branches of the dungeon, and saw 10 of its levels.

You collected 1815 gold pieces.
You paid 487 gold pieces to Gozag.

Inventory:

Hand Weapons
 a - the +6 spear of a bailey (weapon) {pain, Dex+3}
   (You found it on level 4 of the Dungeon)

   In the hands of one skilled in necromantic magic, it inflicts extra damage on
   living creatures.
   It affects your dexterity (+3).
 b - a +0 hand axe of electrocution
 o - a +2 halberd of protection
 p - a +2 whip of flaming
 s - a cursed -1 spear
 v - a +0 dagger of holy wrath
 D - a +0 blowgun
 J - a +0 scimitar of draining
 M - a +1 war axe of freezing
Missiles
 f - 5 tomahawks (quivered)
 u - 45 poisoned needles
Armour
 i - a +0 chain mail
 l - a +0 scale mail (worn)
 w - a +0 ring mail
 y - a +1 leather armour of magic resistance
 A - a +0 pair of gloves (worn)
Jewellery
 H - a +4 ring of strength (left hand)
Scrolls
 d - 4 scrolls of teleportation
 g - 3 scrolls of remove curse
 j - 4 scrolls of identify
 r - a scroll of magic mapping {unknown}
 t - a scroll of random uselessness {unknown}
 B - 2 scrolls of immolation {unknown}
 C - a scroll of amnesia {unknown}
 K - 3 scrolls of enchant armour {unknown}
Potions
 e - a potion of brilliance {unknown}
 h - a potion of flight
 k - a potion of heal wounds {unknown}
 m - a potion of haste
 n - 2 potions of mutation
 q - a potion of berserk rage {unknown}
 x - a potion of degeneration
 z - a potion of might
 E - a potion of lignification {unknown}
 F - a potion of curing
 L - a potion of agility
Books
 G - a book of Necromancy

   Spells                             Type                      Level
   a - Pain                           Necromancy                   1
   b - Animate Skeleton               Necromancy                   1
   c - Vampiric Draining              Necromancy                   3
   d - Regeneration                   Charms/Necromancy            3
   e - Animate Dead                   Necromancy                   4
   f - Control Undead                 Necromancy                   4
Comestibles
 c - 3 bread rations
 I - 7 fruits
 N - 2 meat rations


   Skills:
 + Level 3.6(3.0) Fighting
 + Level 5.9(5.3) Axes
 - Level 2.3(1.7) Armour
 - Level 2.1(1.6) Dodging
 - Level 2.4(1.8) Stealth
 - Level 9.0(8.3) Spellcasting
 - Level 9.7(9.0) Necromancy


You had 23 spell levels left.
You knew the following spells:

 Your Spells              Type           Power        Failure   Level  Hunger
a - Pain                  Necr           ####         1%          1    None
v - Vampiric Draining     Necr           ####......   3%          3    ##.....


Dungeon Overview and Level Annotations

Branches:
Dungeon (9/15)             Temple (1/1) D:5
   Lair: D:8-11         Orc: D:9-12

Altars:
Ashenzari
Cheibriados
Elyvilon
Fedhas
Gozag
Hepliaklqana
Kikubaaqudgha
Makhleb
Nemelex Xobeh
Okawaru
Qazlal
Ru
Trog
Vehumet
Yredelemnul
Zin
The Shining One

Shops:
D:5 *

Annotations:
D:3 Thaneod's ghost, amateur MiGl
D:4 Pereza0's ghost, amateur MiCK
D:5 exclusion: centaur, Prince Ribbit
D:7 Timinator's ghost, novice HaHu
D:8 exclusion: statue, AdmiralAndromeda's ghost, novice GrFi


Innate Abilities, Weirdness & Mutations

You are resistant to damage.
You can heal yourself by infusing magical energy.
You passively map the area around you.
You do not regenerate.
You have very sharp teeth.
You have a pair of small horns on your head.
You have supernaturally acute eyesight. (SInv)


Message History

Press: ? - help, Shift-Dir - straight line, f/p - orc wizard
Aim: an orc wizard, wielding a dagger and wearing a robe (heavily wounded, fast)
You kill the orc wizard!
You feel life coursing into your body. The wight hits you with a battleaxe!
* * * LOW HITPOINT WARNING * * *
Unknown command.
Unknown command.
Unknown command.
A phantom comes into view.
The phantom blinks!
The orc wizard mumbles some strange words.
The orc wizard blinks!
The phantom barely misses you.
A crimson imp comes into view.
The crimson imp shouts!
Found a stone staircase leading up.
The orc wizard gestures at you while chanting.
The magic dart hits you!
You die...
Your body crumbles into a pile of gold.

*** ,, **
#........., ,* *
#.......... * * *
######........... *,
..5..............# *
.................#*
* ,
.................##
*
.<................#
*#......@..........#
*
#......z.W.........
#..................
, #..............##*
...............# , ,
,,...............#
*, ,
...............#
..###########o.# , ,
,, , #..# *


You could see a phantom, a wight, an orc wizard and a crimson imp.

Vanquished Creatures
  Pikel (D:5)
  A hippogriff (D:6)
  2 steam dragons (D:8)
  A water moccasin (D:5)
  2 orc warriors
  4 slaves
  A black bear (D:6)
  4 ice beasts
  4 sky beasts
  2 centaurs
  2 ogres
  A crocodile (D:8)
  A big kobold (D:7)
  3 bullfrogs
  A water moccasin zombie (D:6)
  2 scorpions
  11 killer bees
  4 wights
  A howler monkey (D:6)
  4 crimson imps
  A quasit (D:5)
  3 hounds
  A jelly (D:5)
  9 orc wizards
  4 orc priests
  A bullfrog skeleton (D:7)
  A centaur zombie (D:6)
  8 worker ants
  A mummy (D:7)
  2 hound skeletons (D:5)
  A worker ant zombie (D:6)
  8 adders
  12 gnolls
  A shadow imp (D:5)
  3 oozes
  An adder skeleton (D:4)
  A worm (D:3)
  2 dart slugs (D:1)
  8 leopard geckos
  31 orcs
  A bat zombie (D:4)
  5 giant cockroaches
  10 goblins
  6 hobgoblins
  8 jackals
  3 quokkas
  A ball python (D:1)
  11 bats
  6 frilled lizards
  20 kobolds
  4 rats
  4 rat zombies (D:4)
230 creatures vanquished.

Vanquished Creatures (others)
  7 fungi (D:8)
7 creatures vanquished.

Grand Total: 237 creatures vanquished

Notes
Turn   | Place    | Note
-------+----------+-------------------------------------------
     0 | D:1      | letownia2 the Deep Dwarf Necromancer began the quest for the Orb.
     0 | D:1      | Reached XP level 1. HP: 15/15 MP: 3/3
   297 | D:3      | Reached XP level 2. HP: 22/22 MP: 1/5
   730 | D:5      | Entered Level 5 of the Dungeon
   730 | D:5      | Found a staircase to the Ecumenical Temple.
   739 | Temple   | Entered the Ecumenical Temple
   878 | D:5      | Reached skill level 5 in Necromancy
   900 | D:5      | Noticed Prince Ribbit
   900 | D:5      | Noticed a centaur
   925 | D:5      | Reached XP level 3. HP: 12/28 MP: 1/6
   930 | D:5      | Learned a level 3 spell: Vampiric Draining
  1250 | D:4      | Noticed a scorpion
  1434 | Temple   | Reached XP level 4. HP: 31/36 MP: 0/7
  1504 | Temple   | Became a worshipper of Gozag Ym Sagoz the Greedy
  1570 | D:5      | Reached XP level 5. HP: 31/42 MP: 4/9
  1630 | D:4      | Found a basalt altar of Yredelemnul.
  1959 | D:4      | Noticed Pereza0's ghost (amateur MiCK)
  2051 | D:3      | Found a hazy altar of Hepliaklqana.
  2282 | D:3      | Reached skill level 1 in Fighting
  2404 | D:3      | Reached skill level 1 in Axes
  2439 | D:3      | Noticed Thaneod's ghost (amateur MiGl)
  2479 | D:2      | Found a blossoming altar of Fedhas.
  3044 | D:1      | Reached XP level 6. HP: 34/51 MP: 8/11
  3742 | D:3      | Reached skill level 1 in Armour
  4040 | D:4      | Got a crude spear
  4041 | D:4      | Identified the +6 spear of a bailey {pain, Dex+3} (You found it on level 4 of the Dungeon)
  4064 | D:4      | Found an ancient bone altar of Kikubaaqudgha.
  4166 | D:5      | Noticed a slave
  4167 | D:5      | Noticed a slave
  4168 | D:5      | Noticed Pikel
  4169 | D:5      | Noticed a slave
  4240 | D:5      | Noticed an ice beast
  4300 | D:5      | Killed an ice beast
  4343 | D:5      | Noticed a sky beast
  4372 | D:5      | Killed a sky beast
  4372 | D:5      | Reached XP level 7. HP: 38/58 MP: 1/12
  4506 | D:5      | Found a stormy altar of Qazlal.
  5030 | D:6      | Found a glowing golden altar of the Shining One.
  5070 | D:6      | Reached XP level 8. HP: 28/66 MP: 3/14
  5301 | D:6      | Noticed a hippogriff
  5302 | D:6      | Reached skill level 5 in Spellcasting
  5411 | D:6      | Killed a hippogriff
  5621 | D:6      | Found a sparkling altar of Nemelex Xobeh.
  5754 | D:7      | Noticed Timinator's ghost (novice HaHu)
  5888 | D:7      | Gained mutation: You passively map the area around you. [Deep Dwarf growth]
  5888 | D:7      | Reached XP level 9. HP: 52/73 MP: 8/19
  6249 | D:7      | Found a snail-covered altar of Cheibriados.
  6480 | D:5      | Killed Pikel
  7129 | D:8      | Noticed AdmiralAndromeda's ghost (novice GrFi)
  7343 | D:8      | Reached skill level 5 in Axes
  7343 | D:8      | Reached XP level 10. HP: 24/84 MP: 0/22
  7933 | D:8      | Found a radiant altar of Vehumet.
  8321 | D:8      | Gained mutation: You have a pair of small horns on your head. [potion of mutation]
  8321 | D:8      | Gained mutation: You have very sharp teeth. [potion of mutation]
  8321 | D:8      | Gained mutation: You have supernaturally acute eyesight. (SInv) [potion of mutation]
  8328 | D:8      | HP: 4/84 [poisoned by a killer bee]
  8330 | D:8      | HP: 1/84 [poisoned by a killer bee]
  8579 | D:9      | HP: 1/84 [wight/enchanted great sword (8)]
  8592 | D:9      | HP: 1/84 [wight/battleaxe (7)]
  8602 | D:9      | Killed from afar by an orc wizard

Skill      XL: |  1  2  3  4  5  6  7  8  9 10 |
---------------+-------------------------------+-----
Spellcasting   | 2 3 4 6 8 9 |  9.0
Necromancy     | 5 6 7 8 9 |  9.7
Fighting       | 1 3 |  3.6
Axes           | 1 2 5 |  5.9
Armour         | 2 |  2.3
Dodging        | |  2.1
Stealth        | |  2.4

Action                   |  1- 3 |  4- 6 |  7- 9 | 10-12 || total
-------------------------+-------+-------+-------+-------++-------
Melee: Hand axe          |    18 |    37 |    36 |     5 ||    96
       Spear             |       |    17 |   192 |    26 ||   235
       Headbutt          |       |       |       |     3 ||     3
Throw: Tomahawk          |       |       |     8 |     1 ||     9
 Cast: Pain              |    28 |   131 |    11 |     3 ||   173
       Vampiric Draining |     5 |    11 |    76 |    30 ||   122
Invok: Call Merchant     |       |       |     1 |       ||     1
  Use: Scroll            |       |       |     1 |     3 ||     4
       Potion            |       |       |       |     6 ||     6
 Stab: Distracted        |       |     1 |     1 |       ||     2
       Sleeping          |       |       |     3 |       ||     3
  Eat: Chunk             |     2 |     1 |     4 |       ||     7
       Bread ration      |       |     2 |       |       ||     2
       Royal jelly       |       |     1 |     1 |       ||     2
       Fruit             |       |     1 |       |       ||     1
       Meat ration       |       |       |     1 |     1 ||     2
Armor: Robe              |     4 |       |       |       ||     4
       Leather armour    |     3 |    24 |    40 |       ||    67
       Ring mail         |       |     5 |    25 |       ||    30
       Scale mail        |       |       |    28 |    12 ||    40
Dodge: Dodged            |    23 |    55 |   168 |    38 ||   284
